 Dungeon Crawl Stone Soup version 0.27.0-1-g7a089689b8 (webtiles) character file.

Game seed: 2992835765734482468

351575 inmateoo the Brawler (level 21, -14/271 HPs)
             Began as a Troll Ice Elementalist on Aug 3, 2021.
             Was the Champion of Cheibriados.
             Killed from afar by an ironbound frostheart (15 damage)
             ... by creeping frost
             ... on level 4 of the Vaults.
             The game lasted 01:09:38 (33076 turns).

inmateoo the Brawler (Troll Ice Elementalist)      Turns: 33076, Time: 01:09:39

Health: -14/271    AC: 32    Str: 37    XL:     21   Next: 29%
Magic:  9/35       EV: 17    Int: 33    God:    Cheibriados [******]
Gold:   1000       SH: 14    Dex: 25    Spells: 12/42 levels left

rFire    + . .     SeeInvis .     - Unarmed
rCold    + . .     Faith    .   P - +2 kite shield of Sodiesch {rF+ Stlth+}
rNeg     + . .     Spirit   .   (armour currently unavailable)
rPois    ∞         Reflect  .   (helmet restricted)
rElec    +         Harm     .   x - +2 cloak {rPois}
rCorr    .         Rampage  .   (gloves unavailable)
Will     +....                  (boots unavailable)
Stlth    +++.......             F - amulet of magic regeneration
HPRegen  1.55/turn              K - ring of protection from cold
MPRegen  0.49/turn              H - ring of wizardry

@: about to teleport, statue-form, frozen, studying Spellcasting, very slow
A: slow and powerful, torment resistance 1, boosted hp, large, unfitting armour,
claws 3, regeneration 1, (shaggy fur 1), (tough skin 1)
}: 2/15 runes: barnacled, gossamer
a: End Transformation, Renounce Religion, Bend Time, Temporal Distortion,
Slouch, Step From Time


You were on level 4 of the Vaults.
You worshipped Cheibriados.
Cheibriados was exalted by your worship.
You were a living statue of rough stone.
You visited 7 branches of the dungeon, and saw 36 of its levels.
You visited the Abyss 2 times.
You also visited: Gauntlet.

You collected 6017 gold pieces.
You spent 5017 gold pieces at shops.

Inventory:

Missiles
 n - 11 throwing nets
 t - 47 silver javelins
 u - 113 boomerangs (quivered)
Armour
 x - a +2 cloak of poison resistance (worn)
 y - +0 steam dragon scales (melded)
 P - the +2 kite shield of Sodiesch (worn) {rF+ Stlth+}
   (You took it off Donald on level 2 of the Spider Nest)

   rF:        It protects you from fire.
   Stlth:     It makes you more stealthy.
 R - the +2 robe of Incorporation {rElec rN+ Regen+}
   (You found it on level 2 of the Abyss)

   rElec:     It insulates you from electricity.
   rN:        It protects you from negative energy.
   Regen:     It increases your rate of health regeneration.
Jewellery
 o - a ring of resist corrosion
 w - a ring of see invisible
 F - an amulet of magic regeneration (around neck)
 H - a ring of wizardry (right claw)
 K - a ring of protection from cold (left claw)
 M - a ring of positive energy
 O - the ring "Hosoigg" {*Corrode Fly rPois rF+++ Int+6}
   (You acquired it on level 2 of the Orcish Mines)

   [ring of intelligence]

   Int:       It affects your intelligence (+6).
   rF:        It renders you almost immune to fire.
   rPois:     It protects you from poison.
   Fly:       It grants you flight.
   *Corrode:  It may corrode you when you take damage.
Wands
 e - a wand of flame (68)
 f - a wand of charming (16)
 m - a wand of polymorph (28)
 B - a wand of digging (5)
 C - a wand of acid (9)
 D - a wand of paralysis (22)
 E - a wand of mindburst (63)
 J - a wand of iceblast (30)
Scrolls
 g - 20 scrolls of teleportation
 i - a scroll of holy word
 j - 4 scrolls of fog
 l - 3 scrolls of amnesia
 p - a scroll of magic mapping
 q - 5 scrolls of enchant armour
 z - 2 scrolls of blinking
 I - 18 scrolls of identify
 L - 5 scrolls of fear
Potions
 a - 6 potions of resistance
 b - a potion of invisibility
 c - 20 potions of curing
 d - 11 potions of heal wounds
 h - 7 potions of flight
 k - 15 potions of brilliance
 r - 11 potions of ambrosia
 s - 5 potions of might
 v - 4 potions of mutation
 A - 2 potions of magic
 N - 2 potions of cancellation
Miscellaneous
 G - a tin of tremorstones (2/2)
 Q - a condenser vane


   Skills:
 + Level 12.8 Fighting
 - Level 4.0 Throwing
 - Level 10.0 Dodging
 - Level 1.0 Stealth
 - Level 5.0 Shields
 - Level 18.0 Unarmed Combat
 + Level 11.2 Spellcasting
 - Level 3.0 Conjurations
 - Level 8.0 Translocations
 - Level 10.0 Transmutations
 - Level 6.0 Ice Magic
 - Level 2.0 Air Magic
 + Level 13.2 Earth Magic
 + Level 9.1 Invocations
 + Level 4.7 Evocations


You had 12 spell levels left.
You knew the following spells:

 Your Spells              Type           Power      Damage    Failure   Level
a - Statue Form           Tmut/Erth      50%        N/A       3%          6
b - Manifold Assault      Tloc           63%        N/A       2%          5
c - Frozen Ramparts       Ice            100%       1d12      1%          3
d - Passage of Golubria   Tloc           N/A        N/A       1%          4
e - Freezing Cloud        Conj/Ice/Air   21%        6-21      16%         5
f - Blink                 Tloc           N/A        N/A       1%          2
g - Apportation           Tloc           100%       N/A       1%          1
h - Summon Lightning Spi  Summ/Air       25%        N/A       16%         4

Your spell library contained the following spells:

 Spells                   Type           Power      Damage    Failure   Level
 Beastly Appendage        Tmut           100%       N/A       1%          1
 Foxfire                  Conj/Fire      100%       2x1d9     1%          1
 Freeze                   Ice            100%       1d11      1%          1
 Static Discharge         Conj/Air       35%        N/A       1%          2
 Gell's Gravitas          Tloc           31%        N/A       1%          3
 Ignite Poison            Fire/Tmut/Pois 40%        N/A       1%          3
 Lesser Beckoning         Tloc           31%        N/A       1%          3
 Ozocubu's Armour         Ice            55%        N/A       1%          3
 Portal Projectile        Hex/Tloc       88%        N/A       1%          3
 Teleport Other           Tloc           63%        N/A       1%          3
 Leda's Liquefaction      Hex/Erth       29%        N/A       1%          4
 Petrify                  Tmut/Erth      76%        N/A       1%          4
 Pain                     Necr           72%        1d7       2%          1
 Corpse Rot               Necr/Air       N/A        N/A       2%          2
 Poisonous Vapours        Pois/Air       50%        N/A       2%          2
 Iskenderun's Mystic Bla  Conj/Tloc      53%        2d11      2%          4
 Mephitic Cloud           Conj/Pois/Air  29%        N/A       3%          3
 Conjure Flame            Conj/Fire      28%        6-21      4%          3
 Dazzling Flash           Conj/Hex       56%        N/A       4%          3
 Hailstorm                Conj/Ice       48%        3d11      4%          4
 Call Canine Familiar     Summ           18%        N/A       8%          3
 Inner Flame              Hex/Fire       18%        N/A       8%          3
 Bolt of Magma            Conj/Fire/Erth 26%        4d12      8%          5
 Alistair's Intoxication  Tmut/Pois      34%        N/A       9%          5
 Yara's Violent Unravell  Hex/Tmut       25%        3d11      9%          5
 Airstrike                Air            15%        N/A       11%         4
 Sticky Flame             Conj/Fire      28%        2d5       13%         4
 Summon Forest            Summ/Tloc      22%        N/A       13%         5
 Iskenderun's Battlesphe  Conj           38%        2d9       19%         5
 Metabolic Englaciation   Hex/Ice        19%        N/A       19%         5
 Dispel Undead            Necr           18%        3d11      24%         4
 Lightning Bolt           Conj/Air       17%        1d32      24%         5
 Fireball                 Conj/Fire      14%        3d8       32%         5
 Dragon Form              Tmut           35%        N/A       32%         7
 Silence                  Hex/Air        12%        N/A       38%         5
 Eringya's Noxious Bog    Tmut/Pois      25%        N/A       41%         6
 Agony                    Necr           18%        N/A       52%         5
 Excruciating Wounds      Necr           9%         N/A       52%         5
 Simulacrum               Ice/Necr       19%        N/A       69%         6
 Conjure Ball Lightning   Conj/Air       17%        3x3d6     75%         6
 Storm Form               Tmut/Air       27%        N/A       83%         7
 Starburst                Conj/Fire      14%        8x6d6     86%         6
 Death Channel            Necr           9%         N/A       97%         6
 Invisibility             Hex            9%         N/A       97%         6
 Orb of Destruction       Conj           19%        9d8       99%         7
 Lehudib's Crystal Spear  Conj/Erth      32%        10d8      99%         8
 Summon Hydra             Summ           9%         N/A       100%        7
 Polar Vortex             Ice            27%        N/A       100%        9


Dungeon Overview and Level Annotations

Branches:
Dungeon (15/15)            Temple (0/1) D:4            Lair (6/6) D:9
 Shoals (4/4) Lair:3       Spider (4/4) Lair:2        Slime (0/5) Lair:5
    Orc (2/2) D:9             Elf (1/3) Orc:2        Vaults (4/5) D:14
  Crypt (0/3) Vaults:2     Depths (0/5) D:15        Gauntlet (visited)

Altars:
Cheibriados
Elyvilon
Okawaru
Sif Muna
Beogh
Jiyva

Shops:
D:4 =   D:7 :   D:9 *   D:15 ::**   Orc:1 (   Orc:2 *[[*   Elf:1 *   Shoals:1 (
Shoals:2 ![*   Vaults:2 :

Annotations:
D:13 2 transporters, Icapp's ghost, journeyman OgHu


Innate Abilities, Weirdness & Mutations

You are a living statue of rough stone.
Your actions are slow, but your melee attacks are powerful.
You are resistant to unholy torment.
Your maximum health is greatly increased.
You are immune to poison.
Your equipment is partially melded.
You are too large for most types of armour.
You have claws for hands.
Your natural rate of healing is unusually fast.
((You are covered in fur. (AC +1)))
((You have tough skin. (AC +1)))


Message History

Deactivating autopickup; reactivate with Ctrl-A.
A vault guard comes into view. It is wielding a +0 long sword.
Something unseen opens the door.
The ironbound convoker points at the vault warden and mumbles some strange words.
The vault warden seems to grow stronger.
You block the vault warden's attack.
The vault warden activates a sealing rune.
A door slams shut!
The vault warden completely misses you. 2 vault wardens come into view.
As you read the scroll of teleportation, it crumbles to dust.
You feel strangely unstable.
Something unseen opens the door.
You block the vault warden's attack.
The vault warden hits you with a +2 war axe!
The vault warden hits you with a +0 bardiche!!
The vault warden activates a sealing rune.
A door slams shut!
Something unseen opens the door.
The vault warden activates a sealing rune.
A door slams shut!
You block the vault warden's attack.
The ironbound frostheart calls freezing cold from the walls.
The frost grips you! You partially resist.
You are encased in ice.
You hear some strange, mumbled words.
You block the vault warden's attack.
The vault warden hits you with a +2 battleaxe of freezing!
The vault warden freezes you.
The vault warden hits you from afar with a +0 bardiche!!!
* * * LOW HITPOINT WARNING * * *
The vault warden hits you with a +2 great sword!
* * * LOW HITPOINT WARNING * * *
The ironbound frostheart calls freezing cold from the walls.
The frost grips you!! You partially resist.
* * * LOW HITPOINT WARNING * * *
The ironbound convoker casts a spell at the vault warden.
The vault warden seems to grow stronger.
The vault warden hits you with a +2 war axe!!
* * * LOW HITPOINT WARNING * * *
The vault warden closely misses you. The vault warden barely misses you.
The ironbound frostheart calls freezing cold from the walls.
The frost grips you! You partially resist.
You die...

.....)....# #...T)....#
†.........# #.#.T.^.#.#
######'##### #..TJ.....#
...##......#########p#'#######
...##......#........))).......
...##......+.#..#).))#....#..#
...##......#......).))........
...##......########+##########
...##......# #8ppp[....#
...##..<...# #ppp......#
...##......# #p§.p.....#
...##.....)# #.........#
.†)###+##[######.........#
#..#...#...#...#.........#
#.[#...+...#...#.........#
#..'..##...##..#.........#
#..####.....#'##


You could see 4 vault wardens, a vault guard, an ironbound frostheart and 2
ironbound convokers.

Vanquished Creatures
  Jorgrun (Shoals:2)
  A sphinx (Vaults:2)
  2 krakens
  Polyphemus (Shoals:2)
  Donald (Spider:2)
  Agnes (Spider:1)
  Frances (D:14)
  Kirke (Spider:4)
  A rockslime (shapeshifter) (D:13)
  8 vault wardens
  A deep elf sorcerer (Elf:1)
  Ilsuiw (Shoals:3)
  3 ghost moths (Spider:4)
  Aizul (Shoals:4)
  A balrug (Abyss:2)
  2 emperor scorpions
  2 orc warlords
  A draconian stormcaller (Abyss:2)
  8 very ugly things
  15 ironbound preservers
  4 war gargoyles
  A stone giant (Vaults:1)
  A vampire knight (Vaults:2)
  A deep elf demonologist (Elf:1)
  A deep elf annihilator (Vaults:2)
  6 entropy weavers
  3 spark wasps (Spider:4)
  A minotaur (Gauntlet)
  5 dire elephants
  9 merfolk javelineers
  3 crystal guardians
  A deep elf death mage (Elf:1)
  An ettin (Orc:1)
  2 merfolk impalers
  Josephine (Lair:5)
  8 yaktaur captains (Vaults:2)
  5 great orbs of eyes
  4 ironbound thunderhulks
  4 vault guards
  Fannar (Lair:1)
  2 rakshasas (Abyss:2)
  9 hydras
  6 boulder beetles
  3 merfolk avatars
  4 peacekeepers
  7 centaur warriors
  7 two-headed ogres
  5 ironbound frosthearts
  5 catoblepae
  6 dancing weapons (Elf:1)
  3 satyrs
  3 merfolk aquamancers (Shoals:4)
  A vampire mage (Vaults:2)
  A death scarab (Gauntlet)
  A death knight (Abyss:2)
  7 ironbound beastmasters
  16 death yaks
  Nergalle (Lair:4)
  A soul eater (Vaults:2)
  A spectral death yak (Gauntlet)
  4 deep elf knights (Elf:1)
  2 wretched stars (Abyss:2)
  A sixfirhy (Abyss:2)
  13 sea snakes
  3 deep elf archers (Elf:1)
  An obsidian statue (Gauntlet)
  41 deep trolls
  10 wizards
  Pikel (D:7)
  8 lindwurms
  2 phantasmal warriors
  5 orc knights
  26 harpies
  A necromancer (Vaults:2)
  9 ironbound convokers
  2 orc sorcerers
  A glowing orange brain (Abyss:2)
  14 deep elf pyromancers
  9 deep elf zephyrmancers (Elf:1)
  21 orb spiders
  19 fauns
  40 wolf spiders
  8 cyclopes
  8 manticores
  40 ugly things
  A worldbinder (Abyss:2)
  3 moths of wrath (Spider:3)
  An iron dragon skeleton (Abyss:2)
  12 merfolk sirens
  A moth of wrath (shapeshifter) (Abyss:2)
  4 black mambas
  Maurice (Orc:1)
  3 elephants (Lair:4)
  15 vault sentinels
  4 torpor snails
  A molten gargoyle (Lair:5)
  6 water nymphs
  12 cane toads
  An eye of devastation (Abyss:2)
  A smoke demon (Abyss:2)
  A hellion (Abyss:2)
  2 kobold demonologists
  28 demonic crawlers
  2 efreet (D:15)
  6 komodo dragons
  30 yaktaurs
  5 rime drakes
  A komodo dragon (shapeshifter) (D:13)
  2 hellwings (Abyss:2)
  A queen bee (shapeshifter) (D:15)
  6 polar bears
  2 ancient zymes (Abyss:2)
  5 trolls
  A queen bee (D:13)
  45 jumping spiders
  7 meliai
  42 merfolk
  6 wind drakes
  12 hornets
  8 large abominations
  A blink frog (D:7)
  6 raiju (Abyss:2)
  31 slime creatures
  A frost giant simulacrum (Abyss:2)
  8 snapping turtles
  21 spriggans
  23 dream sheep
  11 water elementals
  82 redbacks
  A centaur simulacrum (D:14)
  A shadow (D:11)
  7 wraiths
  49 yaks
  3 air elementals (Elf:1)
  3 fire elementals
  32 tarantellas
  Sigmund (D:2)
  2 ynoxinuls (Abyss:2)
  An ice dragon skeleton (Abyss:2)
  7 wyverns
  7 humans (D:14)
  A yak (shapeshifter) (Elf:1)
  2 hogs (shapeshifter)
  Eustachio (D:6)
  7 basilisks
  A hog (D:13)
  5 steam dragons
  3 chaos spawn (Abyss:2)
  9 vampire mosquitoes
  A warg (Orc:1)
  5 hell hounds (Abyss:2)
  9 water moccasins
  A necrophage (D:4)
  37 orc warriors
  A swamp drake (D:9)
  2 ice beasts
  A sky beast (D:7)
  5 black bears
  A hornet zombie (D:9)
  4 boggarts (Lair:6)
  7 ogres
  22 centaurs
  A phantom (D:7)
  25 wolves
  A wolf (shapeshifter) (D:13)
  4 gnoll sergeants (D:7)
  3 scorpions
  19 bullfrogs
  An earth elemental (Elf:1)
  10 small abominations
  82 killer bees
  9 wights
  2 electric eels
  9 howler monkeys
  6 starcursed masses (Abyss:2)
  11 hounds
  A quasit (Abyss:2)
  3 gnoll shamans (D:7)
  6 orc priests
  A bullfrog skeleton (D:6)
  4 iguanas
  17 orc wizards
  5 hell rats (Lair:2)
  A killer bee zombie (D:7)
  A howler monkey zombie (D:7)
  36 gnolls
  2 adders
  13 white imps
  4 ufetubi
  A dart slug (D:1)
  62 orcs
  6 bats
  7 endoplasms
  2 giant cockroaches
  2 goblins
  4 hobgoblins (D:1)
  6 jackals
  8 quokkas
  5 ball pythons
  3 frilled lizards
  3 kobolds
  3 rats (D:1)
  A lurking horror (Abyss:2)
  7 tentacles
1591 creatures vanquished.

Vanquished Creatures (collateral kills)
  A ghost moth (Spider:4)
  A spark wasp (Spider:4)
  An orb spider (Spider:4)
  2 wolf spiders (Spider:4)
  4 tarantellas (Spider:4)
  3 redbacks (Spider:4)
12 creatures vanquished.

Vanquished Creatures (others)
  2 vault guards (D:14)
  A wizard (Vaults:1)
  4 raiju (Abyss:2)
  2 large abominations (Abyss:2)
  4 humans (Spider:4)
  A centaur (Orc:2)
  2 small abominations (Abyss:2)
  A killer bee (D:13)
  A jelly (Abyss:2)
  A gnoll (D:7)
  A shadow imp (Abyss:2)
  2 orcs (Orc:2)
  A bush (Lair:6)
  A demonic plant (Gauntlet)
  31 fungi
  61 plants
  11 tentacles
  18 withered plants (Gauntlet)
145 creatures vanquished.

Grand Total: 1748 creatures vanquished

Notes
Turn   | Place    | Note
-------+----------+-------------------------------------------
     0 | D:1      | inmateoo the Troll Ice Elementalist began the quest for the
                  | Orb.
     0 | D:1      | Reached XP level 1. HP: 16/16 MP: 1/1
    67 | D:1      | Reached skill level 1 in Unarmed Combat
    73 | D:1      | Reached XP level 2. HP: 23/26 MP: 2/2
    93 | D:1      | Learned a level 1 spell: Apportation
   253 | D:1      | Reached skill level 2 in Unarmed Combat
   307 | D:1      | Reached skill level 1 in Fighting
   376 | D:1      | Reached XP level 3. HP: 33/33 MP: 3/3
   563 | D:2      | Found a snail-covered altar of Cheibriados.
   621 | D:2      | Became a worshipper of Cheibriados the Contemplative
  1148 | D:3      | Noticed Sigmund
  1161 | D:2      | Killed Sigmund
  1162 | D:2      | Reached skill level 3 in Unarmed Combat
  1162 | D:2      | Reached XP level 4. HP: 30/42 MP: 0/5
  1162 | D:2      | Reached XP level 5. HP: 35/49 MP: 0/6
  1447 | D:3      | Found a faded altar of an unknown god.
  1563 | D:4      | Found a staircase to the Ecumenical Temple.
  1584 | D:4      | Found Xekimata's Jewellery Shoppe.
  1586 | D:4      | Noticed an ogre
  1595 | D:4      | Killed an ogre
  1596 | D:4      | Reached skill level 4 in Unarmed Combat
  1596 | D:4      | Reached XP level 6. HP: 29/58 MP: 6/8
  1754 | D:4      | Reached * piety under Cheibriados
  1755 | D:4      | Reached skill level 5 in Unarmed Combat
  1755 | D:4      | Reached skill level 1 in Invocations
  1759 | D:4      | Learned a level 3 spell: Frozen Ramparts
  1763 | D:4      | Learned a level 3 spell: Ozocubu's Armour
  2257 | D:5      | Entered Level 5 of the Dungeon
  2269 | D:5      | Reached XP level 7. HP: 37/66 MP: 2/9
  2976 | D:5      | Reached skill level 6 in Unarmed Combat
  3084 | D:5      | Identified the +2 leather armour of Surprise {+Blink rF+
                  | Str+2}
  3581 | D:6      | Reached XP level 8. HP: 69/75 MP: 0/10
  3668 | D:6      | Reached ** piety under Cheibriados
  3726 | D:6      | Reached skill level 7 in Unarmed Combat
  3929 | D:6      | Noticed Eustachio
  3933 | D:6      | Noticed a two-headed ogre
  3944 | D:6      | Killed a two-headed ogre
  3945 | D:6      | Reached skill level 5 in Fighting
  3945 | D:6      | Reached skill level 8 in Unarmed Combat
  3945 | D:6      | Reached XP level 9. HP: 59/88 MP: 4/11
  3949 | D:6      | Killed Eustachio
  4223 | D:7      | Found Huiwkid's Book Emporium.
  4375 | D:7      | Noticed Pikel
  4388 | D:7      | Killed Pikel
  4512 | D:7      | Reached *** piety under Cheibriados
  4810 | D:7      | Reached XP level 10. HP: 52/97 MP: 6/14
  5074 | D:7      | Reached **** piety under Cheibriados
  5100 | D:7      | Reached skill level 5 in Invocations
  5446 | D:7      | Reached ***** piety under Cheibriados
  5814 | D:8      | Learned a level 5 spell: Freezing Cloud
  6030 | D:8      | Reached skill level 5 in Ice Magic
  6434 | D:8      | Reached skill level 9 in Unarmed Combat
  6435 | D:8      | Reached skill level 1 in Conjurations
  6455 | D:8      | Reached skill level 1 in Air Magic
  6541 | D:8      | Noticed a two-headed ogre
  6548 | D:8      | Killed a two-headed ogre
  6627 | D:8      | You fall into a shaft and drop 3 floors!
  6627 | D:11     | Noticed a two-headed ogre
  6628 | D:11     | Noticed a two-headed ogre
  6631 | D:11     | Found a frozen archway.
  6631 | D:11     | Noticed a two-headed ogre
  6632 | D:11     | You fall into a shaft and drop 1 floor!
  6639 | D:12     | Noticed a sun demon
  6766 | D:12     | Reached XP level 11. HP: 106/106 MP: 9/16
  7164 | D:12     | Noticed a four-headed hydra
  7197 | D:10     | Entered Level 10 of the Dungeon
  7640 | D:9      | Found a staircase to the Orcish Mines.
  7670 | D:9      | Reached ****** piety under Cheibriados
  7695 | D:9      | Noticed a two-headed ogre
  7704 | D:9      | Killed a two-headed ogre
  7951 | D:9      | You fall into a shaft and drop 1 floor!
  8123 | D:9      | Found Vafrip's Assorted Antiques.
  8126 | D:9      | Bought a green potion for 17 gold pieces
  8126 | D:9      | Bought a scroll of blinking for 142 gold pieces
  8126 | D:9      | Bought a scroll of teleportation for 57 gold pieces
  8142 | D:9      | Found a white marble altar of Elyvilon.
  8274 | D:9      | Found a staircase to the Lair.
  8422 | D:10     | Noticed a centaur warrior
  8431 | D:10     | Killed a centaur warrior
  8611 | D:10     | Reached skill level 5 in Dodging
  8977 | D:11     | Killed a two-headed ogre
  8981 | D:11     | Reached skill level 10 in Unarmed Combat
  9047 | D:11     | Killed a two-headed ogre
  9048 | D:11     | Reached XP level 12. HP: 118/118 MP: 11/18
  9055 | D:11     | Learned a level 6 spell: Statue Form
  9115 | D:11     | Killed a two-headed ogre
  9116 | D:11     | Reached skill level 5 in Spellcasting
  9116 | D:11     | Reached skill level 1 in Earth Magic
  9220 | D:11     | Identified a scroll of acquirement
  9220 | D:11     | Acquired 1065 gold pieces
  9275 | D:11     | Reached skill level 1 in Transmutations
  9437 | D:12     | Killed an eight-headed hydra
  9743 | D:12     | Noticed a two-headed ogre
  9747 | D:12     | Killed a two-headed ogre
  9860 | D:13     | Noticed a catoblepas
 10021 | D:13     | Found a transporter.
 10026 | D:13     | Noticed Icapp's ghost (journeyman OgHu)
 10029 | D:13     | Noticed a stone giant
 10090 | D:13     | Noticed a boulder beetle
 10105 | D:13     | Killed a boulder beetle
 10194 | D:13     | Killed a catoblepas
 10239 | D:13     | Found a transporter.
 10278 | D:13     | Reached skill level 5 in Earth Magic
 10573 | D:13     | Noticed a centaur warrior
 10580 | D:13     | Killed a centaur warrior
 10594 | D:13     | Noticed a five-headed hydra
 10619 | D:13     | Killed a five-headed hydra
 10831 | D:13     | Reached XP level 13. HP: 96/124 MP: 13/21
 11172 | D:13     | Noticed an iron giant
 11175 | D:13     | Noticed a shadow dragon
 11175 | D:13     | an iron giant changed into a shadow dragon
 11181 | D:13     | Noticed a golden dragon
 11181 | D:13     | a shadow dragon changed into a golden dragon
 11182 | D:13     | Noticed an acid blob
 11182 | D:13     | a golden dragon changed into an acid blob
 11183 | D:13     | Noticed a rockslime
 11183 | D:13     | an acid blob changed into a rockslime
 11186 | D:13     | Killed a rockslime
 11377 | D:14     | Noticed Frances
 11384 | D:14     | Killed Frances
 11640 | D:14     | Reached skill level 5 in Transmutations
 11793 | D:14     | Found a gate to the Vaults.
 11900 | D:15     | Entered Level 15 of the Dungeon
 11915 | D:15     | Found Ricaval's Assorted Antiques.
 11923 | D:15     | Bought a scroll labelled NIATAR WEIRGHA for 31 gold pieces
 11923 | D:15     | Bought a scroll of teleportation for 93 gold pieces
 11945 | D:15     | Found Depukki's Assorted Antiques.
 11950 | D:15     | Found Kim Paru's Book Shop.
 11953 | D:15     | Bought a scroll of teleportation for 78 gold pieces
 11961 | D:15     | Bought a manual of Unarmed Combat for 1440 gold pieces
 11964 | D:15     | Found Rechidur's Book Shop.
 12070 | D:15     | Found a shimmering blue altar of Sif Muna.
 12366 | D:15     | Reached XP level 14. HP: 133/133 MP: 17/23
 12366 | D:15     | Found a staircase to the Depths.
 12556 | D:15     | Reached skill level 10 in Earth Magic
 12557 | D:15     | Reached skill level 11 in Unarmed Combat
 12839 | Lair:1   | Entered Level 1 of the Lair of Beasts
 12845 | Lair:1   | Noticed Fannar
 12849 | Lair:1   | Killed Fannar
 13509 | Lair:2   | You fall into a shaft and drop 2 floors!
 13681 | Lair:4   | Reached skill level 12 in Unarmed Combat
 13736 | Lair:4   | You fall into a shaft and drop 2 floors!
 13736 | Lair:6   | Entered Level 6 of the Lair of Beasts
 13966 | Lair:4   | Noticed Nergalle
 13971 | Lair:4   | Killed Nergalle
 14196 | Lair:3   | Found a gate leading to a gauntlet.
 14207 | Gauntlet | Entered a Gauntlet
 14207 | Gauntlet | Found a transporter.
 14207 | Gauntlet | Found a transporter.
 14211 | Gauntlet | Found a transporter.
 14211 | Gauntlet | Found a transporter.
 14220 | Gauntlet | Found a transporter.
 14224 | Gauntlet | Found a large runed translucent door.
 14233 | Gauntlet | Found a transporter.
 14243 | Gauntlet | Found a transporter.
 14243 | Gauntlet | Found a transporter.
 14247 | Gauntlet | Found a transporter.
 14274 | Gauntlet | Found a transporter.
 14281 | Gauntlet | Found a transporter.
 14301 | Gauntlet | Found a transporter.
 14334 | Gauntlet | Found a transporter.
 14348 | Gauntlet | Found a transporter.
 14449 | Gauntlet | Found a transporter.
 14451 | Gauntlet | Found a large runed translucent door.
 14451 | Gauntlet | Found a large runed translucent door.
 14452 | Gauntlet | Found a large runed translucent door.
 14452 | Gauntlet | Found a large runed translucent door.
 14453 | Gauntlet | Found a large runed translucent door.
 14453 | Gauntlet | Found a runed translucent door.
 14453 | Gauntlet | Found a runed translucent door.
 14453 | Gauntlet | Found a large runed translucent door.
 14453 | Gauntlet | Found a large runed translucent door.
 14454 | Gauntlet | Found a large runed translucent door.
 14454 | Gauntlet | Found a large runed translucent door.
 14457 | Gauntlet | Found a large runed translucent door.
 14457 | Gauntlet | Found a large runed translucent door.
 14459 | Gauntlet | Found a large runed translucent door.
 14459 | Gauntlet | Found a large runed translucent door.
 14459 | Gauntlet | Found a large runed translucent door.
 14461 | Gauntlet | Found a runed translucent gate.
 14461 | Gauntlet | Found a runed translucent gate.
 14461 | Gauntlet | Found a runed translucent gate.
 14463 | Gauntlet | Found a transporter.
 14474 | Gauntlet | Found a large runed translucent door.
 14570 | Gauntlet | Learned a level 4 spell: Passage of Golubria
 14632 | Gauntlet | Reached skill level 13 in Unarmed Combat
 14702 | Lair:3   | Learned a level 5 spell: Manifold Assault
 14901 | Lair:3   | Found a staircase to the Shoals.
 15661 | Lair:2   | Found a hole to the Spider Nest.
 15708 | Lair:2   | Reached XP level 15. HP: 143/146 MP: 17/24
 16423 | Lair:5   | Found a staircase to the Slime Pits.
 16423 | Lair:5   | Found a viscous altar of Jiyva.
 16431 | Lair:5   | Noticed Josephine
 16438 | Lair:5   | Killed Josephine
 16884 | Lair:5   | Reached skill level 14 in Unarmed Combat
 17067 | Lair:6   | Reached skill level 10 in Fighting
 17122 | Lair:6   | Reached skill level 1 in Translocations
 17194 | Lair:6   | Reached skill level 15 in Unarmed Combat
 18257 | Orc:1    | Entered Level 1 of the Orcish Mines
 18308 | Orc:1    | Found Xeofutoh's Antique Weapon Boutique.
 18466 | Orc:2    | Entered Level 2 of the Orcish Mines
 18570 | Orc:2    | Found a staircase to the Elven Halls.
 18885 | Orc:1    | Noticed Maurice
 18891 | Orc:1    | Killed Maurice
 18912 | Orc:1    | Reached XP level 16. HP: 30/158 MP: 26/26
 19162 | Orc:1    | Found an iron altar of Okawaru.
 19378 | Orc:2    | Found Hiowuhet's Armour Shoppe.
 19378 | Orc:2    | Found Fabaxic's Armour Boutique.
 19380 | Orc:2    | Found Xyunk's Assorted Antiques.
 19382 | Orc:2    | Found Hesi's Assorted Antiques.
 19387 | Orc:2    | Bought a viscous yellow potion for 25 gold pieces
 19395 | Orc:2    | Bought a potion of heal wounds for 130 gold pieces
 19395 | Orc:2    | Bought a scroll of acquirement for 1352 gold pieces
 19395 | Orc:2    | Acquired the ring "Hosoigg" {*Corrode Fly rPois rF+++
                  | Int+6}
 19415 | Orc:2    | Learned a level 2 spell: Blink
 19708 | Spider:1 | Entered Level 1 of the Spider Nest
 19841 | Spider:1 | Noticed Agnes
 19853 | Spider:1 | Killed Agnes
 20426 | Spider:1 | Reached skill level 16 in Unarmed Combat
 20461 | Spider:1 | Reached skill level 5 in Translocations
 21291 | Spider:2 | Identified the +2 kite shield of Sodiesch {rF+ Stlth+}
 21291 | Spider:2 | Noticed Donald
 21298 | Spider:2 | Killed Donald
 21862 | Spider:2 | Identified the +1 chain mail of the Desert {rC+}
 22381 | Spider:3 | Reached skill level 1 in Shields
 22521 | Spider:3 | Reached XP level 17. HP: 166/166 MP: 28/28
 22605 | Spider:3 | Reached skill level 1 in Throwing
 23235 | Spider:4 | Entered Level 4 of the Spider Nest
 23516 | Spider:4 | Noticed Kirke
 23526 | Spider:4 | Killed Kirke
 24076 | Spider:4 | Got a gossamer rune of Zot
 24457 | Elf:1    | Entered Level 1 of the Elven Halls
 24515 | Elf:1    | Found Virgh's General Store.
 24519 | Elf:1    | Paralysed by an air elemental for 1 turns
 24533 | Elf:1    | Paralysed by an air elemental for 1 turns
 24847 | Elf:1    | Reached XP level 18. HP: 176/176 MP: 30/30
 25202 | Elf:1    | Acquired 832 gold pieces
 25269 | Elf:1    | Cast into level 2 of the Abyss (a deep elf sorcerer)
 25313 | Abyss:2  | Found a blossoming altar of Fedhas.
 25591 | Elf:1    | Escaped the Abyss
 25876 | Shoals:1 | Entered Level 1 of the Shoals
 25998 | Shoals:1 | Reached skill level 17 in Unarmed Combat
 26206 | Shoals:1 | Learned a level 4 spell: Summon Lightning Spire
 26312 | Shoals:1 | Found Raaxudy's Antique Weapon Emporium.
 26580 | Shoals:2 | Found Furenack's Distillery.
 26588 | Shoals:2 | Bought a potion of heal wounds for 60 gold pieces
 26588 | Shoals:2 | Bought 2 potions of resistance for 240 gold pieces
 26588 | Shoals:2 | Bought a potion of curing for 36 gold pieces
 26588 | Shoals:2 | Bought a potion of curing for 36 gold pieces
 26668 | Shoals:2 | Noticed Polyphemus
 26684 | Shoals:2 | Killed Polyphemus
 26703 | Shoals:2 | Found Soirisedd's Armour Shoppe.
 26793 | Shoals:2 | Noticed Jorgrun
 26816 | Shoals:2 | Killed Jorgrun
 26903 | Shoals:2 | Found Cykhoann's General Store.
 27197 | Shoals:3 | Noticed Ilsuiw
 27229 | Shoals:3 | Killed Ilsuiw
 27739 | Shoals:4 | Entered Level 4 of the Shoals
 27812 | Shoals:4 | Got the Guide on Changing
 27873 | Shoals:4 | Noticed Aizul
 27979 | Shoals:4 | Killed Aizul
 28016 | Shoals:4 | Reached XP level 19. HP: 185/185 MP: 25/31
 28080 | Shoals:4 | Found the ring of the Tortoise {AC+8}
 28137 | Shoals:4 | Reached skill level 5 in Shields
 28248 | Shoals:4 | Got a barnacled rune of Zot
 29132 | Vaults:1 | Entered Level 1 of the Vaults
 29496 | Vaults:1 | Cast into level 2 of the Abyss (a wizard)
 29524 | Abyss:2  | Identified the +2 robe of Incorporation {rElec rN+ Regen+}
 29851 | Vaults:1 | Escaped the Abyss
 29856 | Vaults:1 | Reached skill level 10 in Dodging
 30714 | Vaults:2 | Reached skill level 10 in Spellcasting
 30824 | Vaults:2 | Reached skill level 10 in Transmutations
 30826 | Vaults:2 | Reached XP level 20. HP: 197/197 MP: 8/33
 30831 | Vaults:2 | Paralysed by a sphinx for 7 turns
 31033 | Vaults:2 | Reached skill level 1 in Evocations
 31110 | Vaults:2 | Reached skill level 18 in Unarmed Combat
 31254 | Vaults:2 | Found Tosogy Haer's Book Shop.
 31262 | Vaults:2 | Bought a manual of Spellcasting for 1280 gold pieces
 31267 | Vaults:2 | Paralysed by a great orb of eyes for 5 turns
 31488 | Vaults:2 | Found a staircase to the Crypt.
 32587 | Vaults:3 | Identified the +5 ring mail of Meumpus {rElec rC+ Int-5}
 32837 | Vaults:4 | Reached XP level 21. HP: 208/208 MP: 27/34
 32889 | Vaults:4 | Identified the +4 chain mail of the Cartwright {rN+ Str+3
                  | SInv}
 33076 | Vaults:4 | HP: 1/271 [vault warden (20)]
 33076 | Vaults:4 | Killed from afar by an ironbound frostheart

Illustrated notes

Levels and vault maps discovered:
D:1:      minmay_arrival_up_and_down, layout_rooms, chequers_garden
D:2:      layout_basic, basic_altar
D:3:      layout_rooms, shapermc_ecumenical_altar_acropolis, uniq_sigmund
D:4:      layout_basic, minmay_temple_entry_gardened_gates, serial_shops, shop,
          due_unseen_surprise
D:5:      layout_basic
D:6:      layout_loops_cross, kennysheep_minor_cross, uniq_eustachio
D:7:      layout_cave_pools, serial_gnoll_camp, gnoll_camp_medium_01,
          gnoll_camp_mini_house, gnoll_camp_huts_moat, gnoll_camp_mini_shop,
          gnoll_camp_mini_doghouse, uniq_pikel
D:8:      layout_basic
D:9:      layout_roguey, nicolae_elyvilon_peaceful_grove, erik_lair_dragon,
          david_orc_5, serial_shops, kennysheep_mini_moat
D:10:     layout_roguey
D:11:     layout_cross, portal_ice_cave_entry_imps, serial_glass,
          glass_columns_a, glass_columns_c
D:12:     layout_irregular_city
D:13:     regret_index_tunnel_blossom, layout_irregular_city,
          serial_column_ruins, column_ruins_circle_large,
          column_ruins_square_large, column_ruins_corridor_corner,
          column_ruins_open_tiny, column_ruins_columns_straight,
          gammafunk_ghost_arena
D:14:     layout_cave_pools, ximxim_vaults_locker_room, serial_column_ruins,
          column_ruins_circle_medium, column_ruins_open_small,
          column_ruins_open_tiny, column_ruins_open_medium, column_ruins_grid_2,
          minivault_14, uniq_frances
D:15:     hangedman_depths_entry_try_elsewhere_first, layout_loops_ring,
          nicolae_sif_muna_condensation, serial_shops, shop, nicolae_shop_stone,
          nicolae_shop_trees, shop, serial_glass, glass_columns_c,
          glass_columns_a, glass_columns_a, glass_columns_a, glass_columns_a,
          glass_columns_a, glass_columns_b, glass_columns_b, glass_columns_a,
          glass_columns_a, item_on_display_a, minmay_misc_feat_hallway,
          minmay_tree_intersection
Lair:1:   layout_loops_ring, grunt_megastairs_4, uniq_fannar
Lair:2:   dpeg_oklob_shooting_range, layout_regular_city, spider_nest_entry_a,
          guppyfry_lair_drakes, lemuel_fruit_fields
Lair:3:   layout_cave_pods, shoals_dummy_entry, gauntlet_entry_generic
Lair:4:   layout_big_grid, serial_bayou_crossing, grunt_megastairs_2,
          uniq_nergalle
Lair:5:   wad_woods_minihive, layout_gridlike, slime_altar_1, uniq_josephine
Lair:6:   minmay_lair_end_enchanted_forest, layout_cave_pods
Shoals:1: nicolae_shoals_island_circles, layout_shoals, serial_shops,
          nicolae_shop_behind_doors
Shoals:2: layout_shoals, serial_shops, nicolae_diamond_shop,
          nicolae_shop_crystal, shop, uniq_polyphemus, uniq_jorgrun
Shoals:3: layout_shoals, uniq_ilsuiw
Shoals:4: shoals_end_hangedman, layout_shoals, uniq_aizul
Spider:1: layout_chambers, einodemon_crawler_minivault, uniq_agnes
Spider:2: layout_chambers, worms_lemuel, uniq_donald
Spider:3: layout_spider_delve, nicolae_spider_bug_shape
Spider:4: grunt_spider_rune_island, hangedman_spider_tarantella_strand,
          uniq_kirke
Orc:1:    layout_caves, serial_shops, nicolae_shop_crystal,
          okawaru_metal_pillars_3, uniq_maurice
Orc:2:    st_orc_rangers, layout_caves
Elf:1:    eino_elf_arrival_the_gate, layout_gridlike, serial_shops,
          nicolae_take_the_stairs, hangedman_elf_represent
Vaults:1: v_misc_3, ontoclasm_vaults_ring_small, v_misc_12, v_misc_16,
          vaults_room_octagon, v_rooms_1, hangedman_vaults_nails, v_misc_5,
          v_pattern_1, nicolae_vaults_little_squares_6, ontoclasm_vaults_fault,
          vaults_room_stairs_pillars, ontoclasm_vaults_loading_screen,
          ontoclasm_vaults_loading_screen, vaults_dpeg_hooks, layout_vaults_ring
Vaults:2: vaults_room_pool, hangedman_vaults_slither, st_spiral_rooms,
          hangedman_vaults_locks, v_misc_10, nicolae_vaults_mini_display_case,
          dpeg_vaults_monster_box, vaults_dpeg_encased_lava, v_alt_pattern_3,
          minmay_crypt_entry_simple_corners, vaults_dpeg_diagonal,
          vaults_room_boxed, grunt_vaults_diagonal, nicolae_vaults_rhombus_5,
          vaults_dpeg_cross, grunt_vaults_hallway_short,
          nicolae_vaults_little_squares_3, layout_vaults_maze, serial_shops,
          shop
Vaults:3: nicolae_vaults_angled_halls, hangedman_vaults_trim, st_cells,
          nicolae_vaults_specimen_jars, hangedman_vaults_cutoff,
          vaults_room_corners, v_misc_13, dpeg_vaults_monster_row, v_misc_18,
          v_alt_pattern_3, v_misc_14, v_pattern_3, ontoclasm_vaults_twist,
          layout_vaults_big_cross
Vaults:4: v_misc_26, v_misc_25, nicolae_vaults_big_ls,
          vaults_mumra_chevron_long, hangedman_vaults_hat,
          nicolae_vaults_diagonal_hallway_8, v_misc_29, v_misc_33,
          vaults_mumra_minichess_inversion, ontoclasm_vaults_claustrophobia,
          layout_vaults_omnibox, serial_shops, nicolae_square_shop

Skill      XL: |  1  2  3  4  5  6  7  8  9 10 11 12 13 14 15 16 17 18 19 20 21 |
---------------+----------------------------------------------------------------+-----
Unarmed Combat | 1 2 3 4 5 6 8 9 10 13 15 16 17 18 | 18.0
Fighting       | 1 2 3 5 6 7 9 10 11 12 | 12.8
Ice Magic      | 3 4 5 6 |  6.0
Spellcasting   | 2 3 4 6 7 8 9 10 11 | 11.2
Invocations    | 1 2 4 5 7 8 9 |  9.1
Dodging        | 2 4 5 7 8 10 | 10.0
Conjurations   | 1 3 |  3.0
Air Magic      | 1 2 |  2.0
Earth Magic    | 6 9 10 11 12 13 | 13.2
Transmutations | 3 5 7 8 9 10 | 10.0
Translocations | 3 6 7 8 |  8.0
Shields        | 1 3 4 5 |  5.0
Throwing       | 3 4 |  4.0
Evocations     | 4 |  4.7
Stealth        | |  1.0

Action                   |  1- 3 |  4- 6 |  7- 9 | 10-12 | 13-15 | 16-18 | 19-21 || total
-------------------------+-------+-------+-------+-------+-------+-------+-------++-------
Melee: Unarmed           |    92 |    75 |   181 |   416 |   688 |   979 |   770 ||  3201
       Punch             |       |       |     8 |    38 |    51 |    11 |       ||   108
Throw: Boomerang         |       |       |       |    36 |       |    19 |       ||    55
       Javelin           |       |       |       |       |       |     6 |       ||     6
 Cast: Freeze            |     3 |     4 |       |       |       |       |       ||     7
       Frozen Ramparts   |       |     1 |    16 |    45 |     9 |     2 |     7 ||    80
       Ozocubu's Armour  |       |       |     9 |    33 |       |       |       ||    42
       Statue Form       |       |       |       |     2 |    76 |    98 |    63 ||   239
       Freezing Cloud    |       |       |       |       |     6 |    16 |     3 ||    25
       Manifold Assault  |       |       |       |       |     6 |   140 |   146 ||   292
       Passage of Golubr |       |       |       |       |       |     1 |       ||     1
Invok: Slouch            |       |       |       |     4 |       |     2 |       ||     6
       Temporal Distorti |       |       |       |     1 |       |     1 |       ||     2
Evoke: Wand              |       |       |     1 |    25 |     1 |     1 |       ||    28
       Condenser vane    |       |       |       |       |       |     1 |       ||     1
  Use: Scroll            |     7 |     2 |    10 |    12 |     4 |     6 |     2 ||    43
       Potion            |       |       |       |       |       |     3 |       ||     3
 Stab: Sleeping          |     2 |     1 |       |     4 |     5 |     2 |     2 ||    16
       Distracted        |       |       |     1 |       |       |     2 |     3 ||     6
Armor: Robe              |    33 |    26 |    72 |    57 |       |       |       ||   188
       Steam dragon scal |       |       |       |   137 |    41 |    43 |     3 ||   224
       Skin              |       |       |       |     4 |   565 |  1087 |   340 ||  1996
Dodge: Dodged            |    39 |    38 |   122 |   496 |  1007 |   956 |   408 ||  3066
Block: Kite shield       |       |       |       |       |       |   704 |   495 ||  1199
